 Dungeon Crawl Stone Soup version 0.21-a0-404-g291f19a (webtiles) character file.

12447 Hasart the Thaumaturge (level 11, -7/90 HPs)
             Began as a Deep Elf Earth Elementalist on Oct 27, 2017.
             Was an Elder of Vehumet.
             Mangled by a minotaur
             ... wielding the +10 dagger "Kaodd" {antimagic, rPois Str+2}
              (32 damage)
             ... in a labyrinth.
             The game lasted 00:39:48 (13849 turns).

Hasart the Thaumaturge (DEEE)                      Turns: 13849, Time: 00:39:49

Health: -7/90      AC: 25    Str: 10    XL:     11   Next: 62%
Magic:  0/28       EV:  2    Int: 24    God:    Vehumet [****..]
Gold:   501        SH:  0    Dex: 15    Spells: 19/32 levels left

rFire    . . .     SeeInvis .   C - +5 long sword of the Fool {holy, +Blink +Inv}
rCold    . . .     Gourm    .   (no shield)
rNeg     + + +     Faith    .   (armour currently unavailable)
rPois    +         Spirit   .   (helmet currently unavailable)
rElec    .         Reflect  .   (cloak currently unavailable)
rCorr    .         Harm     .   (gloves currently unavailable)
MR       +....     NoTele   +   (boots currently unavailable)
Stlth    ++........             x - amulet of regeneration
HPRegen  0.65/turn              (no ring)
MPRegen  0.21/turn              (no ring)

@: mighty, tree-form (expiring), very slightly contaminated
A: no striking features
a: Renounce Religion, Evoke Blink, Evoke Invisibility


You were in a labyrinth.
You worshipped Vehumet.
Vehumet was greatly pleased with you.
You were not hungry.
You were a tree.
You visited 1 branch of the dungeon, and saw 11 of its levels.
You also visited: Labyrinth.

You collected 501 gold pieces.

Inventory:

Hand Weapons
 C - the +5 long sword of the Fool (weapon) {holy, +Blink +Inv}
   (You found it on level 4 of the Dungeon)

   It has been blessed by the Shining One to cause great damage to the undead
   and demons.
   It lets you turn invisible.
   It lets you blink.
Missiles
 B - 125 stones (quivered)
Armour
 j - a +0 troll leather armour (melded)
 u - a +0 helmet (melded)
 G - a +0 cloak (melded)
Jewellery
 l - an uncursed amulet of harm {unknown}
 x - an amulet of regeneration (around neck)
Wands
 g - a wand of flame (26/48)
 y - a wand of polymorph (10/24)
 H - a wand of scattershot (6/9)
 K - a wand of digging (7/24)
 L - a wand of disintegration (16/24)
 M - a wand of acid (11/15)
Scrolls
 f - a scroll of fog {unknown}
 h - 2 scrolls of amnesia {unknown}
 i - a scroll of enchant weapon
 n - 3 scrolls of teleportation
 r - 2 scrolls of fear
 s - 12 scrolls of identify
 v - 4 scrolls of remove curse
Potions
 w - a potion of heal wounds
 z - a potion of curing
Books
 b - a book of Conjurations

   Spells                             Type                      Level
   a - Magic Dart                     Conjuration                  1
   b - Searing Ray                    Conjuration                  2
   c - Dazzling Spray                 Conjuration/Hexes            3
   d - Fulminant Prism                Conjuration/Hexes            4
   e - Force Lance                    Conjuration/Translocation    4
   f - Iskenderun's Mystic Blast      Conjuration                  4
 e - a book of Geomancy

   Spells                             Type                      Level
   a - Sandblast                      Earth                        1
   b - Passwall                       Transmutation/Earth          2
   c - Stone Arrow                    Conjuration/Earth            3
   d - Petrify                        Transmutation/Earth          4
   e - Lee's Rapid Deconstruction     Earth                        5
 E - a book of Maledictions

   Spells                             Type                      Level
   a - Corona                         Hexes                        1
   b - Ensorcelled Hibernation        Hexes/Ice                    2
   c - Confuse                        Hexes                        3
   d - Tukima's Dance                 Hexes                        3
   e - Dazzling Spray                 Conjuration/Hexes            3
 J - a book of Misfortune

   Spells                             Type                      Level
   a - Confusing Touch                Hexes                        1
   b - Confuse                        Hexes                        3
   c - Gell's Gravitas                Translocation                3
   d - Petrify                        Transmutation/Earth          4
   e - Metabolic Englaciation         Hexes/Ice                    5
   f - Yara's Violent Unravelling     Hexes/Transmutation          5
Comestibles
 d - 6 bread rations
 o - 9 royal jellies
 q - 4 meat rations
 t - 31 fruits


   Skills:
 - Level 3.0 Fighting
 - Level 2.2 Long Blades
 - Level 7.0 Dodging
 - Level 2.4 Stealth
 + Level 11.4 Spellcasting
 - Level 8.2 Conjurations
   Level 1.1 Transmutations
 + Level 10.6 Earth Magic
 * Level 8.8 Poison Magic
 + Level 4.2 Evocations


You had 19 spell levels left.
You knew the following spells:

 Your Spells              Type           Power        Failure   Level  Hunger
a - Stone Arrow           Conj/Erth      ######       1%          3    None
b - Sandblast             Erth           ######       1%          1    None
c - Lee's Rapid Deconstr  Erth           ######....   1%          5    ####...
d - Olgreb's Toxic Radia  Pois           ######..     1%          4    None


Dungeon Overview and Level Annotations

Branches:
Dungeon (11/15)            Temple (0/1) D:7
   Lair: D:8-11         Orc: D:9-12

Altars:
Cheibriados
Dithmenos
Fedhas
Gozag
Kikubaaqudgha
Makhleb
Okawaru
Qazlal
Ru
Sif Muna
Vehumet
Wu Jian
Xom
Yredelemnul
The Shining One

Annotations:
D:7 Joseph
D:11 dainius's ghost, journeyman GrFi


Message History

You feel much better.
The minotaur hits you with a shimmering dagger {antimagic}!!
* * * LOW HITPOINT WARNING * * *
You feel your power leaking away. The minotaur gores you.
* * * LOW HITPOINT WARNING * * *
You feel much better.
The minotaur hits you but does no damage.
The minotaur gores you but does no damage.
Unknown command.
You hit the minotaur but do no damage.
The minotaur is heavily wounded.
You flicker back into view.
The minotaur hits you with a shimmering dagger {antimagic}!
* * * LOW HITPOINT WARNING * * *
The minotaur gores you but does no damage.
You barely miss the minotaur.
The minotaur is heavily wounded.
The minotaur hits you with a shimmering dagger {antimagic}!!
You die...

. # # #.# # ### #
##### . #. .# ..
#.# # #.### ##
.#.# #
.#.....#...#.#.#
#..........##.#.#
. ## # #......# #
# ####♣###
#..H...# .
#..##### #..#
#..#.### .# #.
....# . .. ...###
## .. #.#... # #.
#


You could see a minotaur.

Vanquished Creatures
  2 two-headed ogres
  Pikel (D:8)
  A manticore (D:11)
  Maurice (D:8)
  3 gargoyles
  A centaur skeleton (D:10)
  A troll (D:10)
  Prince Ribbit (D:7)
  2 hippogriffs (D:10)
  A shadow (D:11)
  2 wyverns
  A vampire (D:9)
  A redback (Lab)
  6 yaks (D:10)
  Grum (D:8)
  2 hungry ghosts
  2 water moccasins
  4 slaves (D:8)
  6 orc warriors
  3 ice beasts
  2 black bears
  4 sky beasts
  A necrophage (D:5)
  2 wolves (D:8)
  3 ogres
  5 centaurs
  A crocodile (D:4)
  2 big kobolds (D:9)
  7 bullfrogs
  An earth elemental (Lab)
  A wyvern skeleton (D:9)
  3 scorpions
  8 killer bees
  3 howler monkeys (D:10)
  4 jellies
  7 crimson imps
  A bullfrog zombie (D:9)
  4 lava snakes (Lab)
  3 quasits
  8 orc priests
  7 hounds
  4 bullfrog skeletons
  Ijyb (D:4)
  3 iguanas
  13 orc wizards
  7 worker ants
  A hound skeleton (D:11)
  A gnoll (D:4)
  19 adders
  2 shadow imps
  2 oozes
  An adder zombie (D:5)
  An adder skeleton (D:4)
  2 worms
  6 dart slugs
  4 leopard geckos
  69 orcs
  10 bats
  10 giant cockroaches
  8 goblins
  7 hobgoblins
  2 jackals (D:8)
  5 quokkas
  2 ball pythons
  5 frilled lizards
  A jackal skeleton (D:7)
  19 kobolds
  A quokka skeleton (D:7)
  8 rats
  A spectral orc (D:6)
  A plant (Lab)
335 creatures vanquished.

Vanquished Creatures (others)
  3 plants
3 creatures vanquished.

Grand Total: 338 creatures vanquished

Notes
Turn   | Place    | Note
-------+----------+-------------------------------------------
     0 | D:1      | Hasart the Deep Elf Earth Elementalist began the quest for the Orb.
     0 | D:1      | Reached XP level 1. HP: 10/10 MP: 6/6
   126 | D:1      | Reached XP level 2. HP: 10/15 MP: 8/8
   785 | D:1      | Reached XP level 3. HP: 19/19 MP: 10/10
  1138 | D:2      | Found a snail-covered altar of Cheibriados.
  1371 | D:2      | Reached skill level 4 in Spellcasting
  1586 | D:2      | Reached XP level 4. HP: 24/24 MP: 12/12
  1665 | D:2      | Reached skill level 5 in Earth Magic
  1979 | D:2      | Noticed a water moccasin
  1989 | D:2      | Killed a water moccasin
  1989 | D:2      | Reached skill level 5 in Spellcasting
  1989 | D:2      | Reached XP level 5. HP: 7/28 MP: 5/14
  2676 | D:3      | Found a radiant altar of Vehumet.
  2679 | D:3      | Found a glowing golden altar of the Shining One.
  2691 | D:3      | Became a worshipper of Vehumet
  2745 | D:3      | Reached XP level 6. HP: 32/32 MP: 13/16
  2783 | D:3      | Learned a level 3 spell: Stone Arrow
  2789 | D:3      | Learned a level 5 spell: Lee's Rapid Deconstruction
  3159 | D:3      | Reached skill level 1 in Conjurations
  3216 | D:3      | Found a shimmering altar of Xom.
  3236 | D:3      | Noticed a sky beast
  4140 | D:4      | Reached skill level 6 in Spellcasting
  4343 | D:4      | Noticed Ijyb
  4348 | D:4      | Killed Ijyb
  4845 | D:3      | Reached * piety under Vehumet
  4845 | D:3      | Offered knowledge of Shock by Vehumet.
  4920 | D:3      | Found an opulent altar of Gozag.
  4931 | D:3      | Reached XP level 7. HP: 30/36 MP: 9/18
  5513 | D:4      | Reached skill level 7 in Spellcasting
  5670 | D:4      | Got a smoking long sword
  5671 | D:4      | Identified the +5 long sword of the Fool {holy, +Blink +Inv} (You found it on level 4 of the Dungeon)
  5716 | D:4      | Found an iron altar of Okawaru.
  5809 | D:5      | Entered Level 5 of the Dungeon
  6004 | D:5      | Reached ** piety under Vehumet
  6004 | D:5      | Offered knowledge of Sting by Vehumet.
  6004 | D:5      | Reached XP level 8. HP: 42/42 MP: 6/21
  6202 | D:5      | Reached skill level 1 in Fighting
  6202 | D:5      | Reached skill level 1 in Long Blades
  6420 | D:5      | Found an ancient bone altar of Kikubaaqudgha.
  6422 | D:5      | Found a blossoming altar of Fedhas.
  6669 | D:5      | Reached skill level 5 in Conjurations
  6833 | D:6      | Found a deep blue altar of Sif Muna.
  6866 | D:6      | Found a blossoming altar of Fedhas.
  7028 | D:6      | Reached skill level 8 in Spellcasting
  7332 | D:6      | Found an ornate altar of the Wu Jian Council.
  7387 | D:6      | Offered knowledge of Throw Flame by Vehumet.
  7387 | D:6      | Reached XP level 9. HP: 37/45 MP: 18/23
  7527 | D:6      | Found a basalt altar of Yredelemnul.
  7695 | D:7      | Found a sacrificial altar of Ru.
  7744 | D:7      | Reached *** piety under Vehumet
  7913 | D:7      | Noticed Prince Ribbit
  7919 | D:7      | Killed Prince Ribbit
  7920 | D:7      | Reached skill level 5 in Dodging
  8098 | D:7      | Found a burning altar of Makhleb.
  8138 | D:7      | Found a staircase to the Ecumenical Temple.
  8187 | D:7      | Reached skill level 9 in Spellcasting
  8192 | D:7      | Offered knowledge of Olgreb's Toxic Radiance by Vehumet.
  8223 | D:7      | Learned a level 4 spell: Olgreb's Toxic Radiance
  8371 | D:7      | Noticed Joseph
  8495 | D:8      | Found a stormy altar of Qazlal.
  8510 | D:8      | Reached skill level 1 in Poison Magic
  8532 | D:8      | Noticed Maurice
  8543 | D:8      | Killed Maurice
  8789 | D:8      | Noticed Grum
  8803 | D:8      | Reached XP level 10. HP: 43/53 MP: 15/25
  8809 | D:8      | Killed Grum
  8958 | D:8      | Noticed a two-headed ogre
  8965 | D:8      | Killed a two-headed ogre
  8966 | D:8      | Noticed Pikel
  8992 | D:8      | Killed Pikel
  9321 | D:8      | Got a pair of warped boots
  9327 | D:8      | Identified the +4 pair of boots of Ziloc {-Cast rPois Regen+ Int+4} (You found it on level 8 of the Dungeon)
  9594 | D:9      | Reached skill level 5 in Poison Magic
  9630 | D:9      | Reached skill level 10 in Spellcasting
 10441 | D:9      | Found a shadowy altar of Dithmenos.
 10684 | D:10     | Entered Level 10 of the Dungeon
 10688 | D:10     | Reached skill level 1 in Evocations
 11097 | D:10     | Reached skill level 10 in Earth Magic
 11097 | D:10     | Reached XP level 11. HP: 60/60 MP: 15/27
 11252 | D:10     | Reached **** piety under Vehumet
 11296 | D:10     | Offered knowledge of Airstrike by Vehumet.
 11307 | D:10     | Noticed a two-headed ogre
 11313 | D:10     | Killed a two-headed ogre
 11708 | D:10     | Reached skill level 11 in Spellcasting
 11976 | D:11     | Found a labyrinth entrance.
 11979 | D:11     | Noticed dainius's ghost (journeyman GrFi)
 12069 | Lab      | Entered a labyrinth
 13614 | Lab      | Noticed a minotaur
 13849 | Lab      | Identified the +10 dagger "Kaodd" {antimagic, rPois Str+2}
 13849 | Lab      | Mangled by a minotaur

Vault maps used:
D:1:      grunt_arrival_lava_bath, minmay_misc_feat_plants
D:2:      nicolae_overflow_crystal_walls, minmay_tall_x
D:3:      xom_butterflies, minitemple, nicolae_gozag_seed_capital
D:4:      okawaru_altar_gauntlet_db, first_bread, minmay_splitting_lines,
          uniq_ijyb
D:5:      grunt_temple_overflow_growth_and_decay
D:6:      yredelemnul_forgotten_temple_becter, lemuel_round_altar, basic_altar,
          fedhas_altar_2
D:7:      lemuel_round_altar, nicolae_ru_great_annihilating_truth,
          minmay_temple_entry_glassed_door, lemuel_statue_altar, uniq_joseph,
          uniq_prince_ribbit1
D:8:      grunt_qazlal_clouds, uniq_pikel, uniq_maurice, uniq_grum
D:9:      lemuel_flame_loot_2, kennysheep_mini_moat, blue_anna_alchemist
D:11:     dpeg_lair_monsters, lab_entry_generic, serial_bayou_pond_a
Lab:      labyrinth_watery, nicolae_lab_garden, labyrinth_skeletal_remains,
          nicolae_lab_blocks, labyrinth_lava_lair

Skill      XL: |  1  2  3  4  5  6  7  8  9 10 11 |
---------------+----------------------------------+-----
Earth Magic    | 4 6 7 8 9 10 | 10.6
Spellcasting   | 4 5 6 7 8 9 10 11 | 11.4
Conjurations   | 2 4 5 7 8 |  8.2
Fighting       | 2 3 |  3.0
Long Blades    | 2 |  2.2
Dodging        | 4 5 7 |  7.0
Poison Magic   | 2 6 8 |  8.8
Evocations     | 2 4 |  4.2
Stealth        | |  2.4
Transmutations | |  1.1

Action                   |  1- 3 |  4- 6 |  7- 9 | 10-12 || total
-------------------------+-------+-------+-------+-------++-------
Melee: Mace              |    34 |       |       |       ||    34
       Dagger            |    54 |   193 |    30 |       ||   277
       Long sword        |       |       |   121 |   103 ||   224
 Cast: Sandblast         |     8 |    25 |    19 |    17 ||    69
       Stone Arrow       |       |     8 |    99 |   135 ||   242
       Olgreb's Toxic Ra |       |       |     4 |    25 ||    29
       Lee's Rapid Decon |       |       |       |     4 ||     4
  Use: Potion            |       |     1 |     1 |    13 ||    15
       Scroll            |       |       |       |    13 ||    13
 Stab: Sleeping          |     5 |     7 |     6 |       ||    18
  Eat: Chunk             |     2 |    11 |    12 |    11 ||    36
       Fruit             |       |       |       |     3 ||     3
       Meat ration       |       |       |       |     1 ||     1
Armor: Robe              |    17 |    31 |    23 |    23 ||    94
       Skin              |       |       |       |     9 ||     9
       Troll leather arm |       |       |       |     5 ||     5
Dodge: Dodged            |    65 |   137 |   139 |   121 ||   462
       Rpst.: Long sword |       |       |    37 |    39 ||    76

Table legend:
 A = Spawn XP
 B = Non-spawn XP
 C = Spawn XP percentage of total XP
 D = Spawn monster count
 E = Non-spawn monster count
 F = Spawn count percentage of total count
 G = Total turns spent on level
                    A         B        C        D         E        F      G
               +---------+---------+-------+---------+---------+-------+---------
         Total |       0 |   17782 |   0.0 |       0 |     330 |   0.0 | 13849
               +---------+---------+-------+---------+---------+-------+---------
           D:1 |       0 |      48 |   0.0 |       0 |      24 |   0.0 |  1034
           D:2 |       0 |     258 |   0.0 |       0 |      31 |   0.0 |  1601
           D:3 |       0 |     509 |   0.0 |       0 |      41 |   0.0 |  1263
           D:4 |       0 |     332 |   0.0 |       0 |      25 |   0.0 |  1945
           D:5 |       0 |     880 |   0.0 |       0 |      27 |   0.0 |   979
           D:6 |       0 |     980 |   0.0 |       0 |      27 |   0.0 |   924
           D:7 |       0 |    1526 |   0.0 |       0 |      31 |   0.0 |   716
           D:8 |       0 |    3513 |   0.0 |       0 |      30 |   0.0 |  1302
           D:9 |       0 |    1539 |   0.0 |       0 |      37 |   0.0 |   998
          D:10 |       0 |    4928 |   0.0 |       0 |      39 |   0.0 |  1127
          D:11 |       0 |    1807 |   0.0 |       0 |       9 |   0.0 |   180
           Lab |       0 |    1462 |   0.0 |       0 |       9 |   0.0 |  1780
               +---------+---------+-------+---------+---------+-------+---------
